 Dungeon Crawl Stone Soup version 0.27-a0-92-g39ad13b146 (webtiles) character file.

Game seed: 1938355671431365327

116 dickylongcocking the Chiller (level 5, -1/38 HPs)
             Began as a Merfolk Ice Elementalist on Jan 16, 2021.
             Was an Initiate of Okawaru.
             Killed from afar by an orc wizard (7 damage)
             ... with a puff of flame
             ... on level 2 of the Dungeon.
             The game lasted 00:02:43 (2537 turns).

dickylongcocking the Chiller (MfIE)                 Turns: 2537, Time: 00:02:43

Health: -1/38      AC:  8    Str:  9    XL:     5   Next: 0%
Magic:  9/9        EV: 14    Int: 14    God:    Okawaru [......]
Gold:   82         SH:  0    Dex: 15    Spells: 6/10 levels left

rFire    . . .     SeeInvis .   (no weapon)
rCold    . . .     Faith    .   (no shield)
rNeg     + . .     Spirit   .   m - +2 robe {rN+}
rPois    .         Reflect  .   k - +0 helmet
rElec    .         Harm     .   d - +2 cloak
rCorr    .         Rampage  .   (no gloves)
Will     .....                  (no boots)
Stlth    ++........             (no amulet)
HPRegen  0.12/turn              (no ring)
MPRegen  0.11/turn              (no ring)

@: very slightly contaminated
A: change form in water, swift swim, stealthy swim
a: Renounce Religion


You were on level 2 of the Dungeon.
You worshipped Okawaru.
Okawaru was noncommittal.
You visited 1 branch of the dungeon, and saw 3 of its levels.

You collected 82 gold pieces.

Inventory:

Armour
 a - a +0 robe
 d - a +2 cloak (worn)
 k - a +0 helmet (worn)
 m - a +2 robe of positive energy (worn)
Scrolls
 e - a scroll of amnesia {unknown}
 g - 2 scrolls of identify {unknown}
 h - 3 scrolls of remove curse {unknown}
 i - a scroll of enchant armour {unknown}
 n - a scroll of fog {unknown}
 o - a scroll of noise {unknown}
Potions
 b - 2 potions of brilliance {unknown}
 c - a potion of curing {unknown}
 j - a potion of degeneration {unknown}
 l - a potion of flight {unknown}


   Skills:
 * Level 2.0 Fighting
 * Level 3.9 Dodging
 - Level 2.3 Stealth
 - Level 3.0 Spellcasting
 - Level 5.0 Ice Magic


You had 6 spell levels left.
You knew the following spells:

 Your Spells              Type           Power        Failure   Level
a - Freeze                Ice            64%          2%          1
f - Frozen Ramparts       Ice            32%          9%          3

Your spell library contained the following spells:

 Spells                   Type           Power        Failure   Level
 Ozocubu's Armour         Ice            16%          9%          3
 Hailstorm                Conj/Ice       9%           58%         4
 Summon Ice Beast         Ice/Summ       9%           58%         4


Dungeon Overview and Level Annotations

Branches:
Dungeon (3/15)

Altars:
Cheibriados
Dithmenos
Gozag
Hepliaklqana
Kikubaaqudgha
Okawaru
Yredelemnul


Message History

You freeze something.
Something hits you but does no damage. x2
Unknown command.
Unknown command.
It was a potion of magic.
Magic courses through your body.
You hear some strange, mumbled words.
A magic dart appears from out of thin air!
The magic dart hits you.
* * * LOW HITPOINT WARNING * * *
Unknown command.
Unknown command.
Casting: Freeze (safe; 2% risk of failure)
Confirm with . or Enter, or press ? or * to list all spells.
You can't see any susceptible monsters within range! (Use Z to cast anyway.) Unknown command.
Okay, then.
Unknown command.
You hear some strange, mumbled words.
A puff of flame appears from out of thin air!
The puff of flame hits you!
You die...

.#...#.......+......#.#
.######....###......#.#
.+.............######.###########
.#######.#..)...................#
.# ###.........######...........#
.###.........#.# ##..........#
.+...........#.# #..........+
.###.#.#...#.#.#######..........#
#....#.#...#.#..@................
.......#...#.#...{>.....#....##.#
######.#...........)....'....'..#
.......#.....#..........#....#..#
########...####.#########....#..#
#........# #....#..#
#.#.################...... #...#
#........'...... #####
#.########......


There were no monsters in sight!

Vanquished Creatures
  An orc wizard (D:3)
  Robin (D:3)
  2 adders (D:2)
  An ooze (D:2)
  2 worms
  A dart slug (D:1)
  2 orcs (D:3)
  2 giant cockroaches
  12 goblins
  7 hobgoblins
  3 bats
  4 frilled lizards
  5 kobolds (D:2)
  4 rats
47 creatures vanquished.

Notes
Turn   | Place    | Note
-------+----------+-------------------------------------------
     0 | D:1      | dickylongcocking the Merfolk Ice Elementalist began the
                  | quest for the Orb.
     0 | D:1      | Reached XP level 1. HP: 13/13 MP: 3/3
   373 | D:1      | Reached XP level 2. HP: 19/19 MP: 3/5
   863 | D:2      | Found an iron altar of Okawaru.
   863 | D:2      | Found a hazy altar of Hepliaklqana.
   963 | D:2      | Became a worshipper of Warmaster Okawaru
  1066 | D:2      | Reached XP level 3. HP: 18/24 MP: 1/7
  1365 | D:2      | Learned a level 3 spell: Frozen Ramparts
  1659 | D:2      | Reached skill level 5 in Ice Magic
  2116 | D:3      | Noticed Robin
  2123 | D:3      | Reached XP level 4. HP: 23/31 MP: 0/8
  2205 | D:3      | Killed Robin
  2206 | D:3      | Reached skill level 1 in Fighting
  2278 | D:3      | Found an ancient bone altar of Kikubaaqudgha.
  2317 | D:3      | Found an opulent altar of Gozag.
  2318 | D:3      | Found a shadowy altar of Dithmenos.
  2415 | D:3      | Found a snail-covered altar of Cheibriados.
  2417 | D:3      | Found a basalt altar of Yredelemnul.
  2506 | D:3      | Reached XP level 5. HP: 29/38 MP: 1/9
  2537 | D:2      | Killed from afar by an orc wizard

Illustrated notes

Levels and vault maps discovered:
D:1:      minmay_arrival_wavy_path, layout_loops_ring
D:2:      layout_basic, gammafunk_temple_overflow_statue
D:3:      layout_loops_ring, xom_teletrap_fun, nicolae_overflow_hidden_temple,
          ebering_ghost_disaster_area, uniq_robin

Skill      XL: |  1  2  3  4 |
---------------+-------------+-----
Ice Magic      | 5 |  5.0
Spellcasting   | 3 |  3.0
Dodging        | 3 |  3.9
Fighting       | 2 |  2.0
Stealth        | |  2.3

Action                   |  1- 3 |  4- 6 || total
-------------------------+-------+-------++-------
Melee: Unarmed           |    13 |     3 ||    16
 Cast: Freeze            |    41 |    13 ||    54
       Frozen Ramparts   |     4 |     5 ||     9
  Use: Potion            |       |     1 ||     1
Armor: Robe              |    19 |    14 ||    33
Dodge: Dodged            |    42 |    12 ||    54

Table legend: (Time is in decaauts)
 A = Elapsed time spent in this place.
 B = Non-inter-level travel time spent in this place.
 C = Inter-level travel time spent in this place.
 D = Time resting spent in this place.
 E = Time spent auto-exploring this place.
 F = Levels seen in this place.
 G = Mean time per level.
                   A        B        C        D        E       F      G
               +--------+--------+--------+--------+--------+-----+--------+
         Total |   2538 |   2475 |     63 |    161 |   1966 |   3 |  846.0 |
       Dungeon |   2538 |   2475 |     63 |    161 |   1966 |   3 |  846.0 |
               +--------+--------+--------+--------+--------+-----+--------+

Top non-repeatable levels by time:
     D:2: 1366 daAuts
     D:1: 832 daAuts
     D:3: 339 daAuts
